Map: Interloper LE

Players

NORTHAMERICA

  • Race: Protoss Protoss
  • League: Grandmaster
  • Spawn Location: 11:00

ChampioNSoO - Winner!

  • Race: Zerg Zerg
  • League: Master
  • Spawn Location: 5:00

VOD

Have the link to the VOD?

Description

Time

  • Played on: Nov. 7, 2017, 12:36 a.m.
  • Length: 8:06
Show
View Real Time Build Order
Export as new Build Order

NORTHAMERICA Protoss 

Build Orders: 1 Gate Expand 

Get SALT Encoding   

  12  0:01  Probe (Chrono Boost)  
  13  0:11  Probe (Chrono Boost)  
  14  0:18  Pylon  
  14  0:23  Probe (Chrono Boost)  
  15  0:37  Probe (Chrono Boost)  
  15  0:39  Gateway  
  16  0:47  Probe (Chrono Boost)  
  16  0:48  Assimilator  
  17  0:58  Probe (Chrono Boost)  
  18  1:08  Probe (Chrono Boost)  
  19  1:23  Nexus  
  19  1:33  Cybernetics Core  
  19  1:36  Probe (Chrono Boost)  
  20  1:44  Assimilator  
  21  1:47  Probe (Chrono Boost)  
  21  1:52  Pylon  
  21  1:57  Probe (Chrono Boost)  
  22  2:08  Probe (Chrono Boost)  
  23  2:10  Zealot  
  25  2:18  Probe (Chrono Boost)  
  26  2:26  Twilight Council  
  26  2:29  Probe (Chrono Boost)  
  27  2:36  Warp Gate (Chrono Boost)  
  27  2:39  Probe (Chrono Boost)  
  27  2:40  Mothership Core (Chrono Boost)  
  30  2:46  Stalker  
  30  2:49  Probe (Chrono Boost)  
  33  2:58  Probe (Chrono Boost)  
  34  2:59  Probe (Chrono Boost)  
  34  3:04  Resonating Glaives (Chrono Boost), Pylon  
  35  3:09  Probe  
  35  3:10  Probe  
  37  3:21  Probe  
  37  3:26  Gateway  
  38  3:27  Gateway  
  38  3:32  Gateway  
  38  3:35  Probe x2  
  40  3:46  Probe, Pylon  
  40  3:47  Probe  
  42  3:57  Robotics Facility  
  42  3:59  Probe x2  
  44  4:05  Pylon  
  44  4:10  Probe  
  44  4:11  Probe  
  44  4:16  Pylon  
  46  4:22  Probe (Chrono Boost)  
  46  4:23  Assimilator  
  47  4:26  Probe (Chrono Boost)  
  47  4:27  Assimilator  
  48  4:37  Pylon, Adept  
  48  4:38  Adept x3  
  57  4:55  Probe (Chrono Boost)  
  57  4:58  Adept x4  
  57  4:59  Forge  
  66  5:01  Warp Prism (Chrono Boost)  
  66  5:05  Probe x2  
  68  5:17  Probe  
  68  5:19  Sentry x2  
  68  5:20  Sentry  
  75  5:31  Probe  
  75  5:33  Immortal (Chrono Boost)  
  75  5:35  Protoss Ground Weapons Level 1  
  80  5:36  Gateway  
  80  5:37  Gateway  
  80  5:44  Pylon  
  80  5:46  Robotics Bay  
  80  5:50  Stalker  
  78  6:07  Immortal (Chrono Boost)  
  78  6:10  Pylon  
  78  6:19  Nexus  
  78  6:23  Adept  
  78  6:24  Adept  
  82  6:27  Adept  
  84  6:35  Gravitic Drive (Chrono Boost)  
  84  6:36  Warp Prism (Chrono Boost)  
  84  6:42  Probe  
  87  6:51  Adept  
  87  6:52  Adept x2  
  91  6:59  Probe  
  88  7:07  Immortal  
  82  7:08  Stalker x2  
  90  7:20  Probe  
  79  7:25  Dark Shrine  
  79  7:29  Gateway  
  75  7:31  Pylon  
  75  7:34  Probe  
  76  7:39  Gateway  
  76  7:40  Probe  
  76  7:41  Probe  
  78  7:44  Stalker x3  
  77  7:59  Pylon  
Show
View Real Time Build Order
Export as new Build Order

ChampioNSoO Zerg - Winner!

Build Orders: Hatch First, Swarm Host 

Get SALT Encoding   

  12  0:00  Drone  
  13  0:12  Overlord  
  13  0:16  Drone  
  14  0:31  Drone x2  
  14  0:35  Drone  
  17  0:52  Hatchery  
  17  0:55  Drone  
  17  0:59  Drone  
  18  1:09  Extractor  
  17  1:15  Spawning Pool  
  17  1:17  Drone  
  17  1:20  Drone  
  18  1:29  Drone  
  19  1:38  Overlord  
  19  1:49  Drone  
  20  2:00  Drone  
  21  2:01  Queen  
  21  2:03  Queen  
  21  2:05  Zergling x2  
  26  2:12  Drone  
  26  2:13  Metabolic Boost  
  27  2:16  Drone  
  27  2:22  Drone  
  29  2:25  Overlord  
  29  2:34  Drone  
  29  2:36  Drone  
  31  2:38  Queen  
  33  2:44  Drone  
  33  2:47  Drone  
  35  2:53  Overlord  
  35  2:58  Drone  
  36  3:06  Drone  
  36  3:11  Drone x3  
  42  3:12  Drone x2  
  42  3:13  Drone x2  
  42  3:15  Lair  
  42  3:18  Drone  
  45  3:21  Overlord  
  45  3:26  Overlord  
  45  3:30  Extractor  
  45  3:31  Extractor  
  45  3:32  Drone  
  44  3:37  Drone  
  44  3:38  Roach Warren  
  44  3:40  Drone  
  45  3:42  Drone x2  
  45  3:44  Drone  
  45  3:46  Drone x2  
  50  3:50  Drone  
  50  3:53  Overlord  
  52  3:55  Drone  
  52  3:56  Extractor  
  51  4:03  Drone  
  51  4:07  Evolution Chamber  
  51  4:11  Overlord  
  51  4:12  Drone  
  52  4:20  Infestation Pit  
  52  4:21  Overseer  
  52  4:22  Roach x4  
  59  4:24  Glial Reconstitution  
  59  4:29  Roach x3  
  65  4:34  Drone  
  66  4:44  Drone  
  66  4:45  Zerg Missile Weapons Level 1  
  67  4:48  Hatchery  
  67  4:51  Overseer  
  66  5:04  Roach x2  
  71  5:14  Roach x3  
  71  5:16  Overlord x3  
  71  5:17  Overlord  
  75  5:23  Overlord  
  75  5:31  Overlord  
  75  5:32  Overlord  
  75  5:53  Swarm Host x8  
  99  5:59  Swarm Host  
  102  6:10  Swarm Host x2  
  108  6:13  Swarm Host  
  108  6:17  Roach  
  113  6:19  Zergling x8  
  113  6:24  Roach  
  119  6:30  Roach x4  
  119  6:31  Overlord  
  119  6:32  Overlord  
  127  6:45  Overseer  
  127  6:49  Roach x6  
  138  6:54  Roach x2  
  138  6:59  Roach x3  
  143  7:06  Swarm Host  
  133  7:17  Swarm Host  
  133  7:18  Swarm Host  
  129  7:27  Swarm Host  
  129  7:28  Zergling x12  
  129  7:29  Zergling x2  
  126  7:38  Zergling x6  
  129  7:46  Zergling x6  
Tags
 
Add a new tag
Caveats
  • Supply blocks, unpowered buildings, or Contaminate may cause inaccurate times.
  • Supply counts are checked every 10 seconds.